 Dungeon Crawl Stone Soup version 0.28.0-47-ge53b351184 (webtiles) character file.

Game seed: 8795078543849243085

175 issech the Ducker (level 5, 0/53 HPs)
             Began as a Troll Fighter on May 6, 2022.
             Slain by a gnoll
             ... wielding a +0 halberd
              (2 damage)
             ... on level 3 of the Dungeon.
             The game lasted 00:06:58 (2365 turns).

issech the Ducker (Troll Fighter)                   Turns: 2365, Time: 00:06:59

Health: 0/53       AC:  4    Str: 24    XL:     5   Next: 29%
Magic:  4/4        EV: 10    Int:  4    God:
Gold:   135        SH:  9    Dex: 17    Spells: 4/4 levels left

rFire   . . .      SeeInvis .   e - +2 dagger (drain)
rCold   . . .      Faith    .   c - +0 kite shield
rNeg    . . .      Spirit   .   j - +0 animal skin
rPois   .          Reflect  .   (helmet restricted)
rElec   .          Harm     .   (no cloak)
rCorr   .          Rampage  .   (gloves unavailable)
Will    .....                   (boots unavailable)
Stlth   ++........              (no amulet)
HPRegen 0.97/turn               g - +6 ring of dexterity
MPRegen 0.09/turn               (no ring)

@: no status effects
A: large, unfitting armour, claws 3, regeneration 1, shaggy fur 1, tough skin 1
a: no special abilities


You were on level 3 of the Dungeon.
You visited 1 branch of the dungeon, and saw 3 of its levels.

You collected 135 gold pieces.

Inventory:

Hand Weapons
 a - a +0 flail
 e - a +2 dagger of draining (weapon)
 p - a +0 glaive
Missiles
 f - 114 stones (quivered)
 k - 44 arrows
 n - 3 poisoned darts
 o - 17 bolts
Armour
 b - a +0 robe
 c - a +0 kite shield (worn)
 j - a +0 animal skin (worn)
Jewellery
 g - a +6 ring of dexterity (left claw)
 m - a ring of ice
Scrolls
 h - 2 scrolls of identify {unknown}
 i - a scroll of teleportation {unknown}
Potions
 d - a potion of might
 l - a potion of magic {unknown}


   Skills:
 + Level 3.0 Fighting
 + Level 1.6 Short Blades
 + Level 2.0 Maces & Flails
 + Level 0.4 Throwing
 + Level 3.3 Dodging
 + Level 0.2 Stealth
 + Level 3.2 Shields


You had 4 spell levels left.
You didn't know any spells.
Your spell library contained the following spells:

 Spells                   Type           Power      Damage    Failure   Level
 Gell's Gravitas          Tloc           0%         N/A       99%         3
 Lesser Beckoning         Tloc           0%         N/A       99%         3
 Teleport Other           Tloc           0%         N/A       99%         3


Dungeon Overview and Level Annotations

Branches:
Dungeon (3/15)

Altars:
The Shining One

Annotations:
D:3 1 runed translucent door, Crazy Yiuf


Innate Abilities, Weirdness & Mutations

You are too large for most types of armour.
You have claws for hands.
Your natural rate of healing is unusually fast.
You are covered in fur. (AC +1)
You have tough skin. (AC +1)


Message History

You hit the orc but do no damage. You drain the orc.
The orc is severely wounded.
The orc hits you with a +1 vorpal hand axe.
You hit the orc.
You kill the orc!
You hit the gnoll.
The gnoll is lightly wounded.
You block the gnoll's attack.
You hit the gnoll but do no damage.
The gnoll is lightly wounded.
You block the gnoll's attack. x2; The gnoll hits you with a +0 whip.
The gnoll closely misses you.
You hit the gnoll but do no damage. You drain the gnoll.
The gnoll is heavily wounded.
The gnoll closely misses you. x2
You hit the gnoll but do no damage. You drain the gnoll.
The gnoll is severely wounded.
The gnoll closely misses you. The gnoll barely misses you.
You hit the gnoll but do no damage.
The gnoll is severely wounded.
The gnoll hits you from afar with a +0 halberd!
The gnoll barely misses you.
You barely miss the gnoll.
The gnoll is severely wounded.
You block the gnoll's attack. The gnoll hits you with a +0 whip.
You barely miss the gnoll.
The gnoll is severely wounded.
You block the gnoll's attack. x2
You hit the gnoll.
You kill the gnoll!
The gnoll hits you from afar with a +0 halberd.
The gnoll hits you from afar with a +0 halberd!
The gnoll hits you with a +0 halberd!
* * * LOW HITPOINT WARNING * * *
Items here: )) [ †.
You hit the gnoll but do no damage.
The gnoll hits you from afar with a +0 halberd.
* * * LOW HITPOINT WARNING * * *
The gnoll hits you with a +0 halberd.
You die...

.....?..................#
..........##.....######.#####
..........##.....######......
..........##....#.........###
..........##.#..#.#######.#
.......g..##...>#.#....##.#
..[.......#####.#.#.##....#
..........#####...#.#######
.........rgg@.......#
..........#######.###
..........# ### ###########


You could see 2 gnolls and a rat.

Vanquished Creatures
  A kobold brigand (D:3)
  Robin (D:2)
  A gnoll (D:3)
  2 adders
  2 orcs
  3 endoplasms
  3 giant cockroaches
  8 hobgoblins
  4 jackals (D:2)
  5 quokkas
  2 bats (D:1)
  13 frilled lizards
  13 goblins
  A kobold (D:1)
  2 rats
61 creatures vanquished.

Vanquished Creatures (others)
  5 plants (D:2)
5 creatures vanquished.

Grand Total: 66 creatures vanquished

Notes
Turn   | Place    | Note
-------+----------+-------------------------------------------
     0 | D:1      | issech the Troll Fighter began the quest for the Orb.
     0 | D:1      | Reached XP level 1. HP: 22/22 MP: 0/0
   580 | D:1      | Found a faded altar of an unknown god.
   584 | D:1      | Reached XP level 2. HP: 29/29 MP: 1/1
  1072 | D:2      | Noticed Robin
  1119 | D:2      | Reached XP level 3. HP: 36/36 MP: 2/2
  1209 | D:2      | Killed Robin
  1869 | D:2      | Reached XP level 4. HP: 41/44 MP: 3/3
  1920 | D:3      | Reached skill level 1 in Short Blades
  1952 | D:3      | Noticed a kobold brigand
  2023 | D:3      | Killed a kobold brigand
  2024 | D:3      | Reached XP level 5. HP: 28/52 MP: 4/4
  2182 | D:3      | Found a glowing golden altar of the Shining One.
  2238 | D:3      | Found a runed translucent door.
  2239 | D:3      | Noticed Crazy Yiuf
  2365 | D:3      | HP: 2/53 [gnoll/+0 halberd (6)]
  2365 | D:3      | Slain by a gnoll

Illustrated notes

Levels and vault maps discovered:
D:1:      sevenhm_arrival_forest_fort_small_6, layout_basic,
          hellmonk_ecumenical_altar_crossroads
D:2:      layout_basic, minmay_lizard_king, uniq_robin
D:3:      layout_basic, nicolae_overflow_hidden_temple, uniq_crazy_yiuf_cottage

Skill      XL: |  1  2  3  4  5 |
---------------+----------------+-----
Maces & Flails | 2 |  2.0
Dodging        | 3 |  3.3
Short Blades   | 1 |  1.6
Shields        | 3 |  3.2
Fighting       | 3 |  3.0
Throwing       | |  0.4
Stealth        | |  0.2

Action                   |  1- 3 |  4- 6 || total
-------------------------+-------+-------++-------
Melee: Dagger            |   116 |    69 ||   185
       Flail             |     4 |       ||     4
Throw: Stone             |     5 |     8 ||    13
 Stab: Sleeping          |     2 |       ||     2
Armor: Robe              |    23 |       ||    23
       Animal skin       |    15 |    12 ||    27
Dodge: Dodged            |    39 |    30 ||    69
Block: Kite shield       |    67 |    33 ||   100
